 Dungeon Crawl Stone Soup version 0.29.1-2-gbd0b4ee654 (webtiles) character file.

Game seed: 10058387261089104787

19007 Avanven the Brawler (level 12, 0/104 HPs)
             Began as a Troll Fighter on Nov 18, 2022.
             Was an Initiate of Gozag.
             Slain by a redback (11 damage)
             ... in a Gauntlet on Nov 20, 2022.
             The game lasted 00:25:29 (10312 turns).

Avanven the Brawler (Troll Fighter)                Turns: 10312, Time: 00:25:31

Health: 0/104      AC:  5    Str: 31    XL:     12   Next: 32%
Magic:  11/11      EV:  8    Int:  4    God:    Gozag
Gold:   1478       SH: 11    Dex: 11    Spells: 11/11 levels left

rFire   + . .      SeeInvis +     - Unarmed
rCold   + + .      Faith    .   b - +4 kite shield
rNeg    . . .      Spirit   .   a - +0 robe
rPois   +          Reflect  .   h - +1 hat
rElec   +          Harm     .   (no cloak)
rCorr   +          Rampage  .   (gloves unavailable)
Will    ++...      NoTele   +   (boots unavailable)
Stlth   ++........              f - amulet of regeneration
HPRegen 1.87/turn               e - ring of willpower
MPRegen 0.12/turn               v - ring of see invisible

@: mighty, lethally poisoned (0 -> -38), resistant
A: large, unfitting armour, claws 3, regeneration 1, shaggy fur 1, tough skin 1,
thin skeletal structure 1, cold resistance 1, strong-willed 1
a: Renounce Religion, Potion Petition, Call Merchant, Bribe Branch


You were in a Gauntlet.
You worshipped Gozag.
Gozag was most pleased with you.
You visited 3 branches of the dungeon, and saw 13 of its levels.
You also visited: Sewer, Ossuary and Gauntlet.

You collected 3011 gold pieces.
You spent 826 gold pieces at shops.
You paid 707 gold pieces to Gozag.

Inventory:

Armour
 a - a +0 robe (worn)
 b - a +4 kite shield (worn)
 h - a +1 hat (worn)
Jewellery
 c - a ring of protection from fire
 e - a ring of willpower (left claw)
 f - an amulet of regeneration (around neck)
 i - a +4 ring of protection
 v - a ring of see invisible (right claw)
 w - a +6 ring of intelligence
 y - an amulet of the acrobat
 E - a ring of protection from fire
Wands
 g - a wand of mindburst (10)
 u - a wand of polymorph (10)
Scrolls
 l - 4 scrolls of enchant weapon
 m - 2 scrolls of vulnerability
 x - a scroll of brand weapon
 G - a scroll of teleportation
Potions
 d - a potion of lignification
 j - 4 potions of curing
 n - 3 potions of magic
 p - 3 potions of resistance
 q - a potion of cancellation {unknown}
 s - 3 potions of haste {unknown}
 t - 2 potions of brilliance {unknown}
 z - a potion of might
 A - a potion of ambrosia {unknown}
 C - 2 potions of degeneration {unknown}
 H - 3 potions of flight {unknown}


   Skills:
 - Level 2.4 Fighting
 + Level 7.8 Armour
 - Level 2.4 Dodging
 - Level 2.6 Shields
 * Level 20.1 Unarmed Combat


You had 11 spell levels left.
You didn't know any spells.
Your spell library contained the following spells:

 Spells                   Type           Power      Damage    Failure   Level
 Magic Dart               Conj           0%         1d3       80%         1
 Necrotise                Necr           0%         1d4       80%         1
 Call Imp                 Summ           0%         N/A       91%         2
 Searing Ray              Conj           0%         2d4       91%         2
 Static Discharge         Conj/Air       0%         3-3/arc   91%         2
 Inner Flame              Hex/Fire       0%         N/A       99%         3
 Mephitic Cloud           Conj/Pois/Air  0%         N/A       99%         3
 Stone Arrow              Conj/Erth      0%         3d7       99%         3
 Vampiric Draining        Necr           0%         2d6       99%         3
 Animate Armour           Summ/Erth      0%         N/A       100%        4
 Cause Fear               Hex            0%         N/A       100%        4
 Dispel Undead            Necr           0%         3d6       100%        4
 Fulminant Prism          Conj/Hex       0%         3d6       100%        4
 Sticky Flame             Conj/Fire      0%         2d3       100%        4
 Agony                    Necr           0%         N/A       100%        5
 Discord                  Hex            0%         N/A       100%        8
 Lehudib's Crystal Spear  Conj/Erth      0%         10d2      100%        8


Dungeon Overview and Level Annotations

Branches:
Dungeon (11/15)            Temple (1/1) D:4            Lair (1/5) D:9
  Sewer (visited)         Ossuary (visited)         Gauntlet (1/1)
    Orc: D:9-12

Altars:
Ashenzari
Cheibriados
Dithmenos
Elyvilon
Fedhas
Gozag
Hepliaklqana
Kikubaaqudgha
Makhleb
Nemelex Xobeh
Okawaru
Qazlal
Ru
Sif Muna
Trog
Uskayaw
Vehumet
Wu Jian
Xom
Yredelemnul
Zin
The Shining One

Shops:
D:1 ?   D:4 :   D:9 :   D:10 (

Annotations:
D:7 1 runed translucent door, DildoBatman's ghost, novice FoCj Gauntlet 7 transporters


Innate Abilities, Weirdness & Mutations

You are too large for most types of armour.
You have claws for hands.
Your natural rate of healing is unusually fast.
You are covered in fur. (AC +1)
You have tough skin. (AC +1)
You have a somewhat thin skeletal structure. (Dex +2, Stealth+)
Your flesh is cold resistant. (rC+)
You are strong-willed. (Will+)


Message History

You are poisoned.
The redback poisons you! You block the redback's attack. The redback bites you.
* * * LOW HITPOINT WARNING * * *
The redback bites you!
* * * LOW HITPOINT WARNING * * *
The redback completely misses you. The redback bites you.
* * * LOW HITPOINT WARNING * * *
You feel much better.
You feel extremely sick. The redback bites you.
* * * LOW HITPOINT WARNING * * *
The redback bites you.
* * * LOW HITPOINT WARNING * * *
You are lethally poisoned!
The redback poisons you! You block the redback's attack.
You feel much better.
You feel extremely sick.
The redback bites you but does no damage. x2
You block the redback's attack. The redback barely misses you.
The redback bites you.
* * * LOW HITPOINT WARNING * * *
The redback bites you.
* * * LOW HITPOINT WARNING * * *
You are more poisoned.
The redback poisons you!
You feel much better.
* * * LOW HITPOINT WARNING * * *
You feel extremely sick.
The redback bites you but does no damage.
The redback bites you!
* * * LOW HITPOINT WARNING * * *
You block the redback's attack.
You feel much better.
* * * LOW HITPOINT WARNING * * *
You feel extremely sick. The redback barely misses you. x2
The redback bites you but does no damage. x2
The redback bites you!
You die...
Your body crumbles into a pile of gold.

#..####.#...#.#.#.#9#...#.8..
#...p..5#.8.#...#...#.∩.#...#
#########...#########...#.©.#
........#.8.....#.....8.#....
#########...#########...#.©.#
##.#.#.##.8.#s..##..#.∩.#...#
#.#.#.#.#...###...#.#...#.8..
##.#.#.##.8.#..#ss#[#..##...#
#.#.#.#©#©.©#.y#@#|©#.## 8.#
##.#©#.######.#s^#.!#.≈## ..
#.#.#.#.#...#.#...###.≈≈#
##.#.#.##.8.#..##...#.≈##
#########...#########.##
......................≈#
#≈≈≈#≈≈≈#≈≈≈#≈≈≈#≈≈≈#≈≈≈#
##≈###≈###≈###≈###≈###≈## ###
### ### ### ### ##


You could see a moth of wrath and 3 redbacks.

Vanquished Creatures
  Gastronok (D:10)
  An emperor scorpion (D:11)
  Snorg (D:10)
  2 two-headed ogres (D:9)
  Lodul (D:10)
  A cyclops (D:10)
  A gargoyle (D:9)
  2 unseen horrors
  2 komodo dragons
  A rime drake (D:7)
  Psyche (D:10)
  2 trolls
  A raiju (Gauntlet)
  A dream sheep (shapeshifter) (Gauntlet)
  25 yaks
  The ghost of kalagan the Conjurer, an amateur DECj (D:4)
  5 wyverns
  A vampire mosquito (D:9)
  3 steam dragons
  2 acid dragons (D:10)
  4 water moccasins (D:9)
  4 orc warriors
  3 sky beasts
  4 black bears
  A hornet zombie (Ossuary)
  4 ice beasts
  7 ogres
  6 wolves (Lair:1)
  4 centaurs
  3 kobold brigands (Sewer)
  4 bullfrogs
  A wyvern zombie (Ossuary)
  A gnoll sergeant (D:4)
  4 scorpions
  4 water moccasin zombies (Ossuary)
  3 wights (D:9)
  5 killer bees (D:9)
  3 howler monkeys
  6 bullfrog zombies (Ossuary)
  A centaur zombie (Ossuary)
  6 hounds
  3 jellies
  A gnoll bouda (D:5)
  7 orc priests
  15 mummies (Ossuary)
  9 orc wizards
  5 iguanas
  A howler monkey zombie (Ossuary)
  7 adders
  11 gnolls
  2 river rats (Sewer)
  A shadow imp (D:5)
  4 white imps
  A worm (D:4)
  A dart slug (D:2)
  37 orcs
  6 bats
  7 endoplasms
  5 giant cockroaches
  11 goblins
  10 hobgoblins
  4 jackals (D:1)
  23 kobolds
  2 quokkas
  19 ball pythons
  6 frilled lizards
  25 rats
  A spectral kobold (D:1)
357 creatures vanquished.

Vanquished Creatures (others)
  A fungus (D:9)
  10 plants
  6 withered plants (Ossuary)
17 creatures vanquished.

Grand Total: 374 creatures vanquished

Notes
Turn   | Place    | Note
-------+----------+-------------------------------------------
     0 | D:1      | Avanven the Troll Fighter began the quest for the Orb.
     0 | D:1      | Reached XP level 1. HP: 22/22 MP: 0/0
    26 | D:1      | Found a faded altar of an unknown god.
   252 | D:1      | Reached XP level 2. HP: 29/29 MP: 1/1
   312 | D:1      | Reached skill level 3 in Unarmed Combat
   461 | D:1      | Found Laj Xobe's Magic Scroll Shoppe.
   475 | D:1      | Bought a scroll of identify for 26 gold pieces
   631 | D:1      | Reached XP level 3. HP: 36/36 MP: 2/2
  1078 | D:2      | Reached skill level 4 in Unarmed Combat
  1276 | D:2      | Reached XP level 4. HP: 44/44 MP: 3/3
  1651 | D:3      | Found a glowing drain.
  1661 | D:3      | Reached skill level 5 in Unarmed Combat
  1672 | Sewer    | Entered a sewer
  1701 | Sewer    | Noticed a kobold brigand
  1710 | Sewer    | Killed a kobold brigand
  1711 | Sewer    | Reached XP level 5. HP: 38/50 MP: 4/4
  1772 | Sewer    | Reached skill level 6 in Unarmed Combat
  1830 | Sewer    | Reached XP level 6. HP: 48/59 MP: 5/5
  1934 | Sewer    | Reached skill level 7 in Unarmed Combat
  2749 | D:4      | Found Ilyreyrous's Self-Improvement Boutique.
  2881 | D:4      | Found a staircase to the Ecumenical Temple.
  2906 | Temple   | Entered the Ecumenical Temple
  3011 | Temple   | Became a worshipper of Gozag Ym Sagoz the Greedy
  3100 | D:4      | Reached skill level 8 in Unarmed Combat
  3100 | D:4      | Reached XP level 7. HP: 62/66 MP: 6/6
  3378 | D:4      | Found a runed translucent gate.
  3381 | D:4      | Found a runed translucent gate.
  3381 | D:4      | Found a runed translucent gate.
  3382 | D:4      | Found an opulent altar of Gozag.
  3383 | D:4      | Noticed kalagan's ghost (amateur DECj)
  3446 | D:4      | Found a bloodstained altar of Trog.
  3806 | D:5      | Entered Level 5 of the Dungeon
  4205 | D:5      | Found a sacrificial altar of Ru.
  4208 | D:5      | Reached skill level 9 in Unarmed Combat
  4444 | D:5      | Reached XP level 8. HP: 74/74 MP: 7/7
  4546 | D:6      | Reached skill level 10 in Unarmed Combat
  4761 | D:6      | Reached skill level 11 in Unarmed Combat
  5022 | D:6      | Found a glowing golden altar of the Shining One.
  5059 | D:6      | Reached XP level 9. HP: 80/80 MP: 8/8
  5248 | D:6      | Reached skill level 12 in Unarmed Combat
  5282 | D:6      | Found an ornate altar of the Wu Jian Council.
  5317 | D:6      | Found a white marble altar of Elyvilon.
  5326 | D:6      | Found a shimmering altar of Xom.
  5386 | D:7      | Found the +4 skin of Zhor {*Englaciate rC+++ SInv}
  5403 | D:7      | Noticed a rime drake
  5436 | D:7      | Killed a rime drake
  5470 | D:7      | Reached skill level 13 in Unarmed Combat
  5531 | D:4      | Bought a manual of Unarmed Combat for 800 gold pieces
  5611 | D:4      | Killed kalagan's ghost
  5612 | D:4      | Reached skill level 1 in Armour
  5836 | D:7      | Noticed a troll
  5849 | D:7      | Killed a troll
  5850 | D:7      | Reached skill level 14 in Unarmed Combat
  6083 | D:7      | Found a shadowy altar of Dithmenos.
  6083 | D:7      | Found a snail-covered altar of Cheibriados.
  6292 | D:7      | Noticed a komodo dragon
  6298 | D:7      | Killed a komodo dragon
  6299 | D:7      | Reached XP level 10. HP: 28/88 MP: 9/9
  6334 | D:7      | Gained mutation: You have a somewhat thin skeletal
                  | structure. (Dex +2, Stealth+) [potion of mutation]
  6334 | D:7      | Gained mutation: You are strong-willed. (Will+) [potion of
                  | mutation]
  6334 | D:7      | Gained mutation: Your flesh is cold resistant. (rC+)
                  | [potion of mutation]
  6367 | D:7      | Found a runed translucent door.
  6372 | D:7      | Noticed DildoBatman's ghost (novice FoCj)
  6541 | D:8      | Reached skill level 15 in Unarmed Combat
  6752 | D:8      | Reached skill level 16 in Unarmed Combat
  6800 | D:8      | You fall into a shaft and drop 1 floor!
  6803 | D:9      | Noticed a two-headed ogre
  6809 | D:9      | Killed a two-headed ogre
  6834 | D:9      | Reached skill level 17 in Unarmed Combat
  6844 | D:9      | Reached skill level 5 in Armour
  6895 | D:9      | Found a staircase to the Lair.
  7039 | D:8      | Found a sand-covered staircase.
  7062 | Ossuary  | Entered an ossuary
  7068 | Ossuary  | Reached XP level 11. HP: 93/94 MP: 10/10
  7233 | Ossuary  | Reached skill level 18 in Unarmed Combat
  7659 | D:8      | Found a hazy altar of Hepliaklqana.
  7854 | D:9      | Noticed a two-headed ogre
  8013 | D:9      | Killed a two-headed ogre
  8375 | D:9      | HP: 4/94 [gargoyle/stone arrow (6)]
  8512 | D:9      | Reached skill level 19 in Unarmed Combat
  8723 | D:9      | Found Yrimioc's Book Shoppe.
  8785 | D:10     | Entered Level 10 of the Dungeon
  8878 | D:10     | Noticed Snorg
  8889 | D:10     | Killed Snorg
  8981 | D:10     | Noticed Psyche
  8985 | D:10     | Killed Psyche
  9187 | D:10     | Found Fuset's Antique Weapon Shoppe.
  9187 | D:10     | Noticed Lodul
  9219 | D:10     | Killed Lodul
  9419 | D:10     | Reached XP level 12. HP: 96/104 MP: 11/11
  9733 | D:11     | Noticed a five-headed hydra
  9737 | D:11     | Noticed an emperor scorpion
  9737 | D:11     | a five-headed hydra changed into an emperor scorpion
  9747 | D:11     | Noticed Gastronok
  9756 | D:11     | Noticed a centaur warrior
  9780 | D:10     | Killed Gastronok
  9843 | D:11     | Killed an emperor scorpion
  9962 | Lair:1   | Entered Level 1 of the Lair of Beasts
  9994 | Lair:1   | Found a gate leading to a gauntlet.
  9996 | Lair:1   | Reached skill level 20 in Unarmed Combat
 10032 | Gauntlet | Entered a Gauntlet
 10032 | Gauntlet | Found a transporter.
 10032 | Gauntlet | Found a transporter.
 10041 | Gauntlet | Found a transporter.
 10041 | Gauntlet | Found a transporter.
 10045 | Gauntlet | Found a transporter.
 10045 | Gauntlet | Found a transporter.
 10080 | Gauntlet | Found a transporter.
 10083 | Gauntlet | Found a transporter.
 10091 | Gauntlet | Found a transporter.
 10106 | Gauntlet | Noticed a catoblepas
 10108 | Gauntlet | Found a transporter.
 10123 | Gauntlet | Found a transporter.
 10127 | Gauntlet | Found a transporter.
 10312 | Gauntlet | Slain by a redback

Illustrated notes

Levels and vault maps discovered:
D:1:      dpeg_arrival_central, layout_loops_cross, serial_shops, shop,
          dreamdust_ecumenical_altar_drowned_temple, minmay_unequal
D:2:      layout_basic, minmay_stone_trees_large
D:3:      layout_loops_cross, cheibrodos_sewer_entry_drain
D:4:      layout_basic, mainiacjoe_overflow_concentric_impassable,
          minmay_temple_entry_junction_2, ebering_ghost_gozag, minivault_4,
          nicolae_shop_self_help
D:5:      layout_loops_cross, nicolae_ru_sacrificial_ziggurat
D:6:      layout_loops_ring, grunt_temple_overflow_diamond,
          mainiacjoe_overflow_brackets, dreamdust_gnoll_farm
D:7:      layout_loops_ring, chequers_temple_overflow_statue_of_worship,
          ebering_ghost_reflecting_pool, nrook_campfire, kennysheep_diamond,
          minmay_statues_item, minmay_liquid_box, hellmonk_guarded_unrand_zhor
D:8:      layout_basic, nzn_hepliaklqana_mist_gate,
          lightli_ossuary_entry_decrepit_ruins, patterned_corridor
D:9:      layout_loops_corners, minmay_lair_entry_grove, serial_shops, shop
D:10:     layout_basic, serial_shops, shop_statue, uniq_psyche, uniq_snorg,
          uniq_lodul
D:11:     layout_big_octagon, kennysheep_orc_monster_closet_entryway,
          uniq_gastronok
Temple:   nicolae_temple_ecumenical_triangle
Lair:1:   layout_chaotic_city, gauntlet_entry_generic, beast_lair_carwin_7
Gauntlet: minmay_gauntlet_77_indecision [minmay_gauntlet_arena_77_braids,
          minmay_gauntlet_arena_77_hold_the_fort,
          minmay_gauntlet_arena_77_checkered,
          minmay_gauntlet_arena_77_radiant_squares,
          minmay_gauntlet_arena_77_squiggly, minmay_gauntlet_arena_77_two_paths,
          gauntlet_exit_green]

Skill      XL: |  1  2  3  4  5  6  7  8  9 10 11 12 |
---------------+-------------------------------------+-----
Unarmed Combat | 3 4 5 6 8 9 11 14 17 19 20 | 20.1
Armour         | 2 5 7 |  7.8
Fighting       | |  2.4
Dodging        | |  2.4
Shields        | |  2.6

Action                   |  1- 3 |  4- 6 |  7- 9 | 10-12 || total
-------------------------+-------+-------+-------+-------++-------
Melee: Unarmed           |   122 |   199 |   267 |   384 ||   972
Invok: Potion Petition   |       |       |       |     1 ||     1
Evoke: Wand              |       |       |       |     8 ||     8
  Use: Scroll            |     4 |     4 |     4 |    16 ||    28
       Potion            |       |     1 |     3 |    13 ||    17
 Stab: Sleeping          |       |     1 |     2 |     2 ||     5
       Distracted        |       |       |     1 |     8 ||     9
       Invisible         |       |       |       |     2 ||     2
Armor: Robe              |    53 |    58 |    31 |    43 ||   185
       Skin              |       |       |    12 |    12 ||    24
Dodge: Dodged            |    46 |    87 |    79 |    89 ||   301
Block: Kite shield       |    49 |    87 |   103 |   134 ||   373
